 Dungeon Crawl Stone Soup version 0.28.0-53-g5a82cb258f (webtiles) character file.

Game seed: 4049634471134908088

13113 unlimited1921 the Thaumaturge (level 12, -7/73 HPs)
             Began as a Djinni Fire Elementalist on July 1, 2022.
             Was an Elder of Dithmenos.
             Mangled by an orc warrior
             ... wielding a +0 glaive
              (17 damage)
             ... on level 11 of the Dungeon.
             The game lasted 01:13:29 (19139 turns).

unlimited1921 the Thaumaturge (DjFE)               Turns: 19139, Time: 01:13:33

Health: -7/73      AC:  7    Str:  7    XL:     12   Next: 28%
Gold:   774        EV: 12    Int: 21    God:    Dithmenos [****..] SH:  5 Dex: 15

rFire   + + +      SeeInvis +   B - +5 spear of Disaster {pain, SInv}
rCold   x . .      Faith    .   (no shield)
rNeg    . . .      Spirit   .   W - +0 troll leather armour
rPois   ∞          Reflect  +   I - +0 helmet
rElec   .          Harm     .   w - +0 cloak
rCorr   .          Rampage  .   (no gloves)
Will    +....                   (boots unavailable)
Stlth   +++.......              O - amulet of reflection
HPRegen 1.02/turn               z - ring of protection from fire
MPRegen 0.00/turn               (no ring)

@: confusing by touch, flying, wreathed by umbra
A: sickness immunity, fire resistance 2, cold vulnerability 1, float, innate
caster, HP casting, extra vitality 1
a: Renounce Religion, Shadow Step


You were on level 11 of the Dungeon.
You worshipped Dithmenos.
Dithmenos was greatly pleased with you.
You visited 1 branch of the dungeon, and saw 11 of its levels.

You collected 864 gold pieces.
You spent 90 gold pieces at shops.

Inventory:

Hand Weapons
 g - a +4 quarterstaff
 o - a +4 double sword of flaming
 t - a +4 battleaxe
 y - a +0 vorpal flail
 B - the +5 spear of Disaster (weapon) {pain, SInv}
   (You found it on level 5 of the Dungeon)

   In the hands of one skilled in necromantic magic, it inflicts extra damage on
   living creatures.
   Your inability to study Necromancy prevents you from drawing on the full
   power of this weapon.
   SInv:      It lets you see invisible.
 F - a +2 rapier of freezing
Missiles
 i - 101 bolts
 l - 379 stones
 m - 11 boomerangs
 x - 6 silver boomerangs
 A - 13 poisoned darts
 C - 18 boomerangs of dispersal
 D - 7 javelins
 L - 2 throwing nets
 Q - 3 curare-tipped darts
Armour
 f - the +6 chain mail of the Stars {+Blink Str+8 Int-3 Slay-3}
   (You found it on level 7 of the Dungeon)

   Str:       It affects your strength (+8).
   Int:       It affects your intelligence (-3).
   Slay:      It affects your accuracy & damage with ranged weapons and melee
   (-3).
   +Blink:    It lets you blink.
 h - a +4 scale mail
 w - a +0 cloak (worn)
 I - a +0 helmet (worn)
 R - a +2 chain mail of willpower
 W - a +0 troll leather armour (worn)
Jewellery
 z - a ring of protection from fire (left hand)
 O - an amulet of reflection (around neck)
Wands
 M - a wand of flame (19)
 T - a wand of charming (4)
Scrolls
 a - a scroll of holy word
 c - 3 scrolls of enchant weapon {unknown}
 j - 3 scrolls of fear {unknown}
 p - 3 scrolls of enchant armour {unknown}
 q - 2 scrolls of magic mapping
 u - 3 scrolls of amnesia {unknown}
 v - 2 scrolls of torment {unknown}
 K - a scroll of blinking
 N - 2 scrolls of fog {unknown}
 P - 4 scrolls of teleportation {unknown}
 S - a scroll of summoning
Potions
 b - 2 potions of lignification {unknown}
 d - 7 potions of curing
 k - 5 potions of brilliance
 n - a potion of berserk rage
 r - 4 potions of heal wounds {unknown}
 s - 2 potions of invisibility {unknown}
 E - a potion of might {unknown}
 G - a potion of attraction {unknown}
 H - a potion of mutation
 J - 2 potions of magic {unknown}
 Y - a potion of resistance
 Z - 4 potions of degeneration {unknown}
Miscellaneous
 e - a box of beasts
 U - a condenser vane


   Skills:
 + Level 1.6 Fighting
 + Level 0.7 Polearms
 - Level 6.5 Armour
 + Level 3.6 Dodging
 + Level 3.8 Stealth
 + Level 0.6 Shields
 + Level 13.2 Spellcasting


You had 11 spell levels left.
You knew the following spells:

 Your Spells              Type           Power      Damage    Failure   Level
a - Foxfire               Conj/Fire      100%       2x1d9     1%          1
b - Scorch                Fire           100%       2d10      1%          2
c - Conjure Flame         Conj/Fire      62%        6-21      1%          3
d - Inner Flame           Hex/Fire       62%        N/A       1%          3
e - Flame Wave            Conj/Fire      62%        2d12      1%          4
f - Beastly Appendage     Tmut           100%       N/A       1%          1
g - Poisonous Vapours     Pois/Air       100%       N/A       1%          2
h - Confusing Touch       Hex            62%        N/A       1%          3
i - Ignite Poison         Fire/Tmut/Pois 62%        N/A       1%          3
j - Iskenderun's Mystic   Conj/Tloc      62%        2d13      1%          4
Your spell library was empty.

Dungeon Overview and Level Annotations

Branches:
Dungeon (11/15)            Temple (0/1) D:6            Lair (0/6) D:9
    Orc (0/2) D:9

Altars:
Cheibriados
Dithmenos
Elyvilon
Gozag
Hepliaklqana
Makhleb
Okawaru
Ru
Trog
Uskayaw
Xom
Yredelemnul
Zin

Shops:
D:5 [


Innate Abilities, Weirdness & Mutations

You are immune to sickness and miasma.
You are immune to poison.
Your flesh is very heat resistant. (rF++)
You are vulnerable to cold. (rC-)
You float through the air rather than walking.
You learn spells naturally, not from books.
Your magical power is your life essence.
You have superior vitality. (+4 MHP)


Message History

Confirm with . or Enter, or press ? or * to list all spells.
You conjure some foxfire!
The warg barely misses you. The orc warrior misses you.
You block the orc warrior's attack.
The foxfire hits the orc warrior.
Flame seeps out of the orc warrior.
The orc warrior is lightly wounded.
The foxfire hits the orc warrior but does no damage.
The orc warrior is lightly wounded.
The orc warrior is engulfed in blazing flames.
Flame seeps out of the orc warrior.
The warg barely misses you.
Casting: Foxfire (safe; 1% risk of failure)
Confirm with . or Enter, or press ? or * to list all spells.
You conjure some foxfire!
A warg comes into view.
The warg closely misses you. The orc warrior closely misses you.
The orc warrior barely misses you.
The foxfire hits the orc warrior but does no damage.
The orc warrior is heavily wounded.
The foxfire hits the orc warrior but does no damage.
The orc warrior is heavily wounded.
The orc warrior is engulfed in a cloud of scalding steam.
Flame seeps out of the orc warrior.
Casting: Foxfire (safe; 1% risk of failure)
Confirm with . or Enter, or press ? or * to list all spells.
You conjure some foxfire!
The warg bites you.
The orc warrior hits you from afar with a +0 glaive!
* * * LOW HITPOINT WARNING * * *
The warg closely misses you.
The foxfire hits the warg but does no damage.
The foxfire hits the orc warrior but does no damage.
The orc warrior is severely wounded.
The orc warrior is engulfed in a cloud of scalding steam.
Flame seeps out of the orc warrior.
Casting: Foxfire (safe; 1% risk of failure)
Confirm with . or Enter, or press ? or * to list all spells.
You conjure some foxfire!
* * * LOW HITPOINT WARNING * * *
The warg bites you!
* * * LOW HITPOINT WARNING * * *
The orc warrior hits you from afar with a +0 glaive!
You die...

#.##.# ##..#
#.##.####..####
#.##.#........#
#.##.###.#.##.#
.....###.#.##.####
.......#.........#
.)>.(...##.#####.##
.[...............v#
####...≈≈≈≈≈≈≈≈o@v#
#.#.≈#######≈.h# #
#.#.≈#?.. #§o.# #
#.#.≈#.o. #oh## #
#.#.≈#..) #≈.# #
#...≈#?)) #≈.# #
##..≈###'###≈)# #
##.≈#.....'..# #
#.≈#...o.'..#


You could see 2 wargs, 2 orc warriors and an orc wizard.

Vanquished Creatures
  Harold (D:11)
  A hydra (D:11)
  Erica (D:11)
  4 two-headed ogres
  Urug (D:11)
  Nergalle (D:11)
  Pikel (D:5)
  A kobold demonologist (D:9)
  A hornet (D:10)
  2 trolls
  Prince Ribbit (D:6)
  A shadow (D:9)
  2 wyverns
  A water elemental (D:11)
  2 wraiths
  A steam dragon (D:9)
  Menkaure (D:5)
  2 acid dragons
  5 water moccasins
  Duvessa (D:5)
  8 orc warriors
  A sky beast (D:6)
  2 ice beasts
  A necrophage (D:4)
  2 ogres (D:5)
  3 centaurs
  4 kobold brigands
  A wyvern zombie (D:5)
  A scorpion (D:7)
  A water moccasin skeleton (D:6)
  Dowan (D:5)
  3 wights (D:9)
  9 killer bees
  A howler monkey (D:7)
  2 centaur zombies
  5 hounds
  A gnoll shaman (D:7)
  13 orc priests
  3 centaur skeletons
  4 iguanas
  16 orc wizards
  A hound skeleton (D:5)
  A howler monkey zombie (D:8)
  10 gnolls
  4 adders
  4 white imps
  2 worms
  3 dart slugs
  57 orcs
  8 endoplasms
  2 giant cockroaches
  8 hobgoblins
  5 quokkas
  9 ball pythons
  6 bats
  3 frilled lizards
  4 goblins
  18 kobolds
  3 rats
261 creatures vanquished.

Vanquished Creatures (others)
  An orc (D:9)
  A goblin (D:4)
  366 foxfires
368 creatures vanquished.

Grand Total: 629 creatures vanquished

Notes
Turn   | Place    | Note
-------+----------+-------------------------------------------
     0 | D:1      | unlimited1921 the Djinni Fire Elementalist began the quest
                  | for the Orb.
     0 | D:1      | Reached XP level 1. HP: 15/15 MP: 0/0
   345 | D:1      | Reached XP level 2. HP: 18/21 MP: 0/0
  1697 | D:1      | Reached skill level 3 in Spellcasting
  1951 | D:1      | Reached XP level 3. HP: 24/25 MP: 0/0
  1951 | D:1      | Learned a level 1 spell: Beastly Appendage
  3723 | D:2      | Reached XP level 4. HP: 28/31 MP: 0/0
  4312 | D:3      | Found a shadowy altar of Dithmenos.
  4317 | D:3      | Became a worshipper of Dithmenos the Shadowed
  6275 | D:3      | Reached XP level 5. HP: 29/35 MP: 0/0
  6275 | D:3      | Learned a level 2 spell: Poisonous Vapours
  6337 | D:3      | Found a faded altar of an unknown god.
  6937 | D:4      | Reached skill level 1 in Armour
  6937 | D:4      | Reached skill level 4 in Spellcasting
  7592 | D:4      | Reached * piety under Dithmenos
  7593 | D:4      | Reached XP level 6. HP: 21/40 MP: 0/0
  7916 | D:4      | Noticed a necrophage
  7924 | D:4      | Killed a necrophage
  8104 | D:4      | Found Zin's Purification Station.
  8104 | D:4      | Found a glowing silver altar of Zin.
  8113 | D:4      | Bought a potion of curing for 90 gold pieces
  8126 | D:4      | Found a white marble altar of Elyvilon.
  8473 | D:4      | Reached skill level 5 in Spellcasting
  8473 | D:4      | Reached XP level 7. HP: 36/45 MP: 0/0
  8473 | D:4      | Learned a level 3 spell: Confusing Touch
  8907 | D:5      | Entered Level 5 of the Dungeon
  8908 | D:5      | Noticed Menkaure
  8911 | D:5      | Killed Menkaure
  9151 | D:5      | Noticed a water moccasin
  9157 | D:5      | Killed a water moccasin
  9162 | D:5      | Reached skill level 6 in Spellcasting
  9162 | D:5      | Reached XP level 8. HP: 28/50 MP: 0/0
  9388 | D:5      | Noticed Pikel
  9404 | D:5      | Killed Pikel
  9405 | D:5      | Reached skill level 7 in Spellcasting
  9792 | D:5      | Found a bloodstained altar of Trog.
  9809 | D:5      | Identified the +5 spear of Disaster {pain, SInv}
 10031 | D:5      | Reached XP level 9. HP: 49/56 MP: 0/0
 10031 | D:5      | Learned a level 3 spell: Ignite Poison
 10163 | D:5      | Found Cobbiak's Armour Emporium.
 10175 | D:5      | Reached skill level 1 in Fighting
 10175 | D:5      | Reached skill level 8 in Spellcasting
 10448 | D:5      | Noticed Duvessa
 10448 | D:5      | Noticed Dowan
 10453 | D:5      | Killed Dowan
 10453 | D:5      | Reached ** piety under Dithmenos
 10456 | D:5      | Killed Duvessa
 11459 | D:6      | Reached skill level 9 in Spellcasting
 12530 | D:6      | Found a staircase to the Ecumenical Temple.
 12609 | D:6      | Noticed Prince Ribbit
 12613 | D:6      | Killed Prince Ribbit
 12614 | D:6      | Reached XP level 10. HP: 53/62 MP: 0/0
 13037 | D:7      | Identified the +6 chain mail of the Stars {+Blink Str+8
                  | Int-3 Slay-3}
 13102 | D:7      | Found a flagged portal.
 13254 | D:7      | Reached skill level 10 in Spellcasting
 13940 | D:8      | Found a sacrificial altar of Ru.
 13958 | D:8      | Found a hazy altar of Hepliaklqana.
 14283 | D:8      | Found a snail-covered altar of Cheibriados.
 14302 | D:8      | Reached *** piety under Dithmenos
 14535 | D:8      | Found a basalt altar of Yredelemnul.
 14952 | D:8      | Found a burning altar of Makhleb.
 15028 | D:8      | Found an opulent altar of Gozag.
 15716 | D:9      | Found a staircase to the Orcish Mines.
 16214 | D:9      | Found a staircase to the Lair.
 16244 | D:9      | Noticed a kobold demonologist
 16246 | D:9      | Killed a kobold demonologist
 16247 | D:9      | Reached skill level 11 in Spellcasting
 16351 | D:9      | Reached skill level 5 in Armour
 16351 | D:9      | Reached XP level 11. HP: 62/67 MP: 0/0
 16351 | D:9      | Learned a level 4 spell: Iskenderun's Mystic Blast
 16353 | D:9      | Noticed a two-headed ogre
 16357 | D:9      | Killed a two-headed ogre
 16460 | D:9      | Reached **** piety under Dithmenos
 16612 | D:9      | Found an iron altar of Okawaru.
 16613 | D:9      | Found a shimmering altar of Xom.
 16614 | D:9      | Found a hide-covered altar of Uskayaw.
 17084 | D:10     | Entered Level 10 of the Dungeon
 17358 | D:10     | Noticed a two-headed ogre
 17362 | D:10     | Killed a two-headed ogre
 17363 | D:10     | Reached skill level 12 in Spellcasting
 17468 | D:10     | Noticed a two-headed ogre
 17474 | D:10     | Killed a two-headed ogre
 18302 | D:11     | Noticed an eight-headed hydra
 18309 | D:11     | Killed an eight-headed hydra
 18335 | D:11     | Noticed Harold
 18340 | D:11     | Killed Harold
 18362 | D:11     | Noticed Urug
 18369 | D:11     | Killed Urug
 18370 | D:11     | Reached XP level 12. HP: 47/73 MP: 0/0
 18579 | D:11     | Noticed a two-headed ogre
 18616 | D:11     | Killed a two-headed ogre
 18826 | D:11     | Noticed Nergalle
 18828 | D:11     | Killed Nergalle
 18829 | D:11     | Reached skill level 13 in Spellcasting
 18832 | D:11     | Noticed Erica
 18834 | D:11     | Killed Erica
 19139 | D:11     | Mangled by an orc warrior

Illustrated notes

Levels and vault maps discovered:
D:1:      heliophobic_arrival_ceremonial_halls, layout_loops_cross
D:2:      layout_rooms
D:3:      layout_loops_corners, nicolae_dithmenos_the_darkroom,
          basic_ecumenical_altar
D:4:      layout_rooms, elyvilon_altar_4, zin_purify
D:5:      layout_basic, amcnicky_altar_gilded, serial_shops,
          nicolae_square_shop, minmay_between, uniq_menkaure, uniq_pikel,
          uniq_duvessa
D:6:      layout_basic, minmay_temple_entry_offerings,
          minmay_unpleasant_kobolds, uniq_prince_ribbit1
D:7:      layout_basic, enter_bailey_2
D:8:      layout_basic, mainiacjoe_overflow_alcove_2, lemuel_doored_altar,
          mainiacjoe_overflow_small_starburst, general_overflow_altar,
          old_standard_altar, nicolae_ru_path_of_blood
D:9:      layout_irregular_city, gammafunk_temple_overflow_claw,
          lair_entry_dummy, hiddenorc2_lemuel
D:10:     layout_basic, minivault_5
D:11:     layout_basic, nooodl_orcs_dogs, uniq_erica, uniq_nergalle, uniq_urug,
          uniq_harold

Skill      XL: |  1  2  3  4  5  6  7  8  9 10 11 12 |
---------------+-------------------------------------+-----
Spellcasting   | 3 4 5 6 7 9 11 12 13 | 13.2
Armour         | 1 2 3 5 6 |  6.5
Stealth        | 2 3 |  3.8
Fighting       | 1 |  1.6
Dodging        | 3 |  3.6
Polearms       | |  0.7
Shields        | |  0.6

Action                   |  1- 3 |  4- 6 |  7- 9 | 10-12 || total
-------------------------+-------+-------+-------+-------++-------
Melee: Spear             |       |       |    12 |       ||    12
 Cast: Foxfire           |    78 |    66 |    41 |    46 ||   231
       Beastly Appendage |     3 |       |       |       ||     3
       Scorch            |       |    25 |    37 |    29 ||    91
       Inner Flame       |       |     9 |    33 |    36 ||    78
       Poisonous Vapours |       |     6 |    37 |   107 ||   150
       Ignite Poison     |       |       |       |    51 ||    51
       Iskenderun's Myst |       |       |       |     2 ||     2
       Confusing Touch   |       |       |       |     1 ||     1
  Use: Scroll            |       |     1 |       |    10 ||    11
Armor: Robe              |     1 |       |       |       ||     1
       Leather armour    |       |     2 |     7 |     1 ||    10
       Ring mail         |       |       |       |     2 ||     2
       Troll leather arm |       |       |       |     1 ||     1
Dodge: Dodged            |     8 |     1 |    32 |    31 ||    72
Block: Other             |       |       |       |    10 ||    10
       Reflection        |       |       |       |     3 ||     3
